Map: [ESL] Gresvan

Players

Clem - Winner!

  • Race: Terran Terran
  • League: Grandmaster
  • Spawn Location: 5:00

LiquidElazer (Elazer)

  • Race: Zerg Zerg
  • League: Master
  • Spawn Location: 11:00

Event: HomeStory Cup XXIII

VOD

Have the link to the VOD?

Description

Time

  • Played on: July 1, 2023, 6:31 a.m.
  • Length: 17:50

All games in this series

Show
View Real Time Build Order
Export as new Build Order

Clem Terran - Winner!

Build Orders: Reaper Expand, Hellion Banshee 

Get SALT Encoding   

  12  0:00  SCV  
  13  0:12  SCV  
  14  0:16  Supply Depot  
  14  0:24  SCV  
  15  0:38  SCV  
  15  0:39  Barracks  
  16  0:43  Refinery  
  16  0:50  SCV  
  17  1:02  SCV  
  18  1:14  SCV  
  19  1:26  Reaper  
  19  1:27  Orbital Command  
  20  1:38  Command Center  
  20  1:46  Supply Depot  
  20  1:52  SCV  
  21  1:58  Marine  
  22  2:04  SCV  
  23  2:09  Factory  
  23  2:17  SCV  
  23  2:20  Barracks Reactor  
  24  2:29  SCV  
  25  2:38  Command Center  
  25  2:41  SCV  
  26  2:50  Orbital Command  
  26  2:53  SCV  
  27  3:02  Starport  
  27  3:03  Hellion  
  29  3:07  Hellion  
  29  3:09  SCV  
  32  3:13  Refinery  
  32  3:16  SCV  
  33  3:21  SCV  
  33  3:24  Hellion  
  36  3:28  Hellion  
  36  3:30  Barracks Tech Lab  
  36  3:33  SCV x2  
  40  3:45  SCV x2  
  40  3:47  Hellion  
  44  3:49  Hellion  
  44  3:52  Orbital Command  
  44  3:54  Banshee  
  49  3:57  SCV x2  
  51  4:03  Cloaking Field, Marine  
  51  4:09  SCV  
  53  4:12  SCV, Supply Depot  
  54  4:18  SCV  
  54  4:21  SCV  
  56  4:24  SCV  
  56  4:26  Barracks Tech Lab  
  56  4:28  Barracks x2  
  56  4:30  SCV  
  58  4:33  SCV  
  58  4:34  Factory Reactor  
  58  4:37  Banshee, Supply Depot  
  58  4:38  SCV  
  63  4:42  Refinery  
  63  4:44  Refinery  
  63  4:47  Marine, SCV  
  63  4:50  Orbital Command, SCV  
  66  4:53  Stimpack  
  66  4:58  Engineering Bay  
  66  4:59  Engineering Bay  
  66  5:00  SCV, Supply Depot  
  66  5:02  SCV  
  66  5:04  Marine  
  69  5:11  Barracks  
  69  5:12  SCV  
  69  5:13  Barracks  
  70  5:14  SCV  
  70  5:16  Marine x2  
  70  5:17  SCV  
  70  5:21  Factory Reactor  
  74  5:22  Marine  
  74  5:23  Marine  
  74  5:24  SCV, Marine  
  74  5:26  SCV  
  79  5:30  Starport Reactor  
  79  5:31  Terran Infantry Weapons Level 1, Supply Depot  
  79  5:34  Marine  
  79  5:35  Marine  
  81  5:36  SCV  
  81  5:37  SCV  
  81  5:38  SCV  
  81  5:40  Marine  
  85  5:52  Marine x2  
  85  5:53  Marine x2, SCV x2  
  85  5:56  SCV  
  92  5:57  Refinery  
  92  5:58  Factory  
  92  6:00  Marine  
  92  6:03  Widow Mine  
  93  6:06  SCV x2  
  93  6:08  Widow Mine, Barracks Reactor x2  
  93  6:09  Medivac  
  93  6:10  Marine  
  93  6:11  Marine x2  
  93  6:13  Medivac  
  93  6:15  SCV, Marine  
  92  6:18  SCV  
  92  6:19  Supply Depot  
  92  6:20  Supply Depot  
  93  6:27  Terran Infantry Armor Level 1  
  93  6:31  Supply Depot  
  93  6:32  Combat Shield  
  93  6:37  Supply Depot  
  93  6:40  Marine x2  
  93  6:41  Widow Mine x2, SCV x2  
  93  6:42  SCV, Medivac  
  93  6:43  Medivac  
  93  6:46  Supply Depot  
  106  6:48  Marine x3  
  106  6:50  Armory, Factory Tech Lab  
  106  6:53  Marine, SCV  
  111  6:57  Supply Depot  
  111  7:00  Command Center  
  111  7:04  Marine  
  111  7:05  Marine  
  111  7:06  Marine  
  110  7:09  Marine x5  
  110  7:10  Widow Mine, Marine  
  110  7:13  Widow Mine  
  116  7:17  Medivac x2, Supply Depot  
  116  7:18  Widow Mine  
  116  7:22  Marine  
  123  7:23  Marine x2  
  123  7:27  Marine x3  
  123  7:28  Marine  
  129  7:30  Marine  
  129  7:32  Widow Mine  
  132  7:38  Barracks, Supply Depot  
  132  7:39  Barracks, Marine  
  132  7:40  Barracks, Marine  
  132  7:43  Widow Mine  
  135  7:45  Widow Mine  
  135  7:49  Medivac  
  135  7:50  Medivac  
  141  7:51  Terran Infantry Weapons Level 2  
  141  7:56  Marine x2  
  141  7:58  Marine x3  
  144  8:02  Widow Mine, Marine  
  149  8:05  Marine  
  149  8:06  Marine x2  
  152  8:13  Marine  
  152  8:14  Marine  
  152  8:17  Widow Mine, Marine x3  
  154  8:20  Marine  
  154  8:21  Terran Vehicle And Ship Armor Level 1  
  154  8:23  Marine  
  154  8:24  Marine x2  
  154  8:26  SCV x2  
  155  8:29  SCV  
  155  8:31  Marine x2  
  158  8:34  Marine x2  
  158  8:35  Barracks Tech Lab  
  158  8:37  Marine  
  158  8:38  SCV  
  162  8:43  Widow Mine, Marine x3  
  162  8:44  Marine  
  162  8:45  Planetary Fortress  
  162  8:46  Marine x2  
  162  8:47  Widow Mine  
  159  8:49  Medivac  
  159  8:51  Marine  
  159  8:52  Marine x2  
  159  8:53  Marine  
  159  8:54  SCV x3  
  145  8:56  Widow Mine  
  145  8:57  Marine  
  145  8:59  Marine  
  145  9:01  Marine x2  
  141  9:05  Marauder  
  141  9:09  Sensor Tower  
  143  9:10  Widow Mine, Marine x2  
  143  9:12  Barracks Tech Lab x2  
  143  9:13  Marine x3, Supply Depot  
  143  9:14  Marine  
  151  9:17  Terran Infantry Armor Level 2  
  151  9:23  Widow Mine, Marine x2  
  155  9:25  Widow Mine  
  155  9:30  SCV  
  158  9:32  SCV, Command Center  
  158  9:35  SCV  
  158  9:36  SCV  
  161  9:38  Sensor Tower  
  161  9:40  Marauder x2  
  161  9:42  Marauder, SCV  
  168  9:51  Widow Mine, Marine  
  168  9:52  Marine  
  166  9:54  Refinery  
  166  9:56  Command Center, Refinery  
  167  10:02  Medivac  
  167  10:03  Medivac  
  167  10:04  Widow Mine, Marine x2  
  167  10:05  Marine  
  167  10:06  Marine  
  167  10:07  Widow Mine, Marine x2  
  178  10:08  Supply Depot  
  178  10:13  Terran Infantry Weapons Level 3  
  180  10:20  Drilling Claws  
  174  10:22  Widow Mine  
  174  10:23  Marine  
  174  10:25  Widow Mine  
  165  10:29  Widow Mine  
  165  10:30  Marine x4  
  165  10:31  Marine, Marauder x2  
  165  10:32  Marine, Medivac  
  165  10:34  Marine x3  
  180  10:47  Widow Mine, Marine, Medivac  
  180  10:48  Marine  
  164  10:52  Marauder x2  
  164  10:55  Widow Mine  
  164  10:56  Marine  
  171  11:02  Terran Vehicle And Ship Armor Level 2  
  171  11:06  Marauder x2, Marine x4  
  171  11:07  Marine x2, Ghost Academy  
  171  11:08  Widow Mine  
  171  11:09  Widow Mine  
  171  11:10  Medivac  
  187  11:13  Marine  
  187  11:14  Marauder  
  187  11:16  Orbital Command  
  187  11:17  Widow Mine  
  192  11:18  Planetary Fortress  
  195  11:33  Widow Mine x2  
  195  11:37  Command Center  
  195  11:38  Widow Mine  
  195  11:42  Ghost  
  195  11:43  Ghost  
  199  11:51  Ghost  
  199  11:54  Ghost  
  199  12:00  Fusion Core, Starport  
  199  12:04  Missile Turret x2  
  185  12:10  Widow Mine  
  185  12:11  Widow Mine, Ghost x2  
  185  12:13  Widow Mine  
  192  12:17  Refinery  
  192  12:18  Refinery  
  192  12:20  Ghost  
  192  12:23  Medivac, Ghost  
  192  12:24  Marine x2  
  192  12:27  Marine x2  
  183  12:32  Widow Mine x2  
  183  12:33  Marine  
  183  12:34  Widow Mine  
  183  12:35  Medivac  
  183  12:37  Marine x3  
  169  12:38  Starport Reactor  
  169  12:40  Marauder  
  169  12:41  Marauder  
  169  12:42  Marine  
  177  12:48  Ghost  
  179  12:51  Ghost  
  179  12:55  Marine  
  179  12:57  Widow Mine x2, Marine  
  173  13:01  Ghost  
  173  13:04  Ghost  
  176  13:09  Widow Mine  
  176  13:12  Marine x2  
  173  13:16  Marine  
  173  13:17  Ghost  
  165  13:20  Ghost  
  165  13:23  Widow Mine  
  165  13:25  Marine x3  
  156  13:29  Marine x2, Ghost  
  156  13:31  Widow Mine  
  156  13:32  Ghost  
  163  13:37  SCV, Refinery  
  163  13:38  SCV  
  163  13:39  Widow Mine, Refinery  
  155  13:43  SCV, Marine x2  
  155  13:45  Widow Mine, Marine x2, Ghost  
  163  13:54  SCV  
  157  13:56  Widow Mine  
  157  13:59  Medivac  
  157  14:00  Marine x2  
  157  14:01  Widow Mine, Marine  
  157  14:13  Ghost  
  157  14:14  Widow Mine, Liberator  
  157  14:16  SCV  
  164  14:18  SCV  
  164  14:19  SCV x2  
  167  14:25  SCV  
  167  14:29  Widow Mine  
  167  14:31  Widow Mine  
  170  14:32  Ghost  
  170  14:36  Widow Mine  
  170  14:38  Ghost  
  163  14:45  SCV  
  163  14:48  Ghost  
  163  14:51  Missile Turret  
  163  14:52  Missile Turret, Planetary Fortress  
  159  14:55  Missile Turret  
  159  14:57  SCV  
  159  14:58  SCV  
  159  15:01  SCV  
  159  15:03  SCV  
  159  15:07  Marine  
  157  15:13  SCV  
  154  15:14  Widow Mine  
  154  15:15  SCV  
  154  15:18  SCV  
  157  15:22  Ghost  
  157  15:24  Marine  
  157  15:25  Widow Mine  
  157  15:26  SCV x2  
  155  15:29  Personal Cloaking  
  155  15:32  SCV  
  157  15:35  SCV  
  157  15:36  SCV  
  156  15:46  Missile Turret  
  153  15:51  Ghost  
  153  15:52  Command Center  
  153  15:56  Liberator  
  154  15:58  Liberator  
  154  16:02  Widow Mine  
  152  16:04  Ghost  
  152  16:08  Marine  
  152  16:09  Marine  
  152  16:10  Widow Mine  
  151  16:13  SCV  
  151  16:18  SCV  
  151  16:20  Widow Mine  
  151  16:22  Ghost  
  151  16:24  SCV  
  151  16:25  SCV x2  
  158  16:27  SCV  
  158  16:28  SCV  
  158  16:29  SCV  
  158  16:31  SCV  
  162  16:35  Widow Mine  
  162  16:36  SCV  
  162  16:37  SCV  
  162  16:39  Liberator  
  168  16:44  Liberator  
  168  16:45  SCV  
  168  16:47  SCV x2  
  174  16:50  Widow Mine  
  176  16:56  Marine x2  
  176  16:58  Widow Mine  
  176  16:59  SCV, Marine  
  182  17:02  Orbital Command  
  181  17:12  Ghost  
  156  17:15  Widow Mine  
  156  17:18  Ghost  
  154  17:24  Widow Mine, Marine  
  154  17:25  Marine  
Show
View Real Time Build Order
Export as new Build Order

LiquidElazer Zerg 

Build Orders: Hatch First, Lurkers 

Get SALT Encoding   

  12  0:00  Drone  
  13  0:12  Overlord  
  13  0:17  Drone  
  14  0:30  Drone x2  
  16  0:48  Hatchery  
  15  0:50  Drone  
  15  0:54  Drone  
  17  0:58  Drone  
  18  1:09  Extractor  
  17  1:12  Spawning Pool  
  17  1:15  Drone  
  17  1:18  Drone  
  18  1:27  Drone  
  19  1:38  Drone  
  20  1:49  Drone  
  21  1:59  Queen  
  21  2:00  Queen  
  25  2:01  Zergling x2  
  25  2:02  Zergling x2  
  27  2:12  Drone  
  27  2:14  Overlord  
  28  2:21  Metabolic Boost  
  28  2:27  Drone  
  28  2:34  Hatchery  
  27  2:39  Drone x3  
  30  2:47  Queen  
  32  2:52  Overlord  
  32  2:56  Drone x2  
  34  2:59  Drone  
  35  3:08  Drone  
  35  3:11  Overlord  
  36  3:16  Drone  
  36  3:18  Drone x3  
  36  3:19  Drone  
  41  3:24  Queen  
  43  3:31  Drone  
  44  3:37  Zergling x2  
  44  3:40  Drone  
  46  3:41  Overlord  
  46  3:45  Queen  
  46  3:47  Drone x5  
  53  3:53  Queen  
  55  3:55  Zergling x2  
  55  3:57  Drone  
  55  4:01  Drone x4  
  61  4:05  Queen  
  63  4:15  Spore Crawler  
  63  4:18  Zergling x6  
  63  4:22  Overlord  
  66  4:26  Overlord  
  66  4:31  Overlord  
  66  4:39  Queen x2  
  66  4:41  Drone x4  
  66  4:44  Lair  
  73  4:46  Drone x6  
  73  4:50  Extractor  
  73  4:51  Drone  
  73  4:52  Baneling Nest  
  78  4:54  Drone  
  78  4:55  Spore Crawler  
  78  4:56  Spore Crawler  
  78  4:57  Spore Crawler  
  78  4:59  Drone x4  
  80  5:06  Zergling x8  
  84  5:09  Overlord  
  84  5:10  Drone  
  84  5:13  Extractor  
  84  5:23  Hatchery, Drone x6  
  89  5:29  Drone  
  89  5:31  Extractor, Overlord  
  89  5:39  Drone x4  
  89  5:42  Drone  
  94  5:43  Overlord  
  94  5:46  Centrifugal Hooks  
  94  5:47  Drone  
  94  5:48  Overseer  
  91  5:58  Overlord, Queen  
  91  6:00  Drone x6  
  89  6:12  Drone x4  
  89  6:13  Drone x2  
  89  6:14  Drone  
  89  6:16  Queen x2  
  89  6:17  Evolution Chamber  
  95  6:19  Evolution Chamber  
  95  6:22  Zergling x4  
  95  6:23  Hydralisk Den  
  95  6:30  Hatchery, Zergling x4  
  95  6:32  Zergling x2  
  97  6:35  Zergling x4  
  99  6:40  Zergling x8  
  99  6:43  Baneling x2, Zerg Ground Armor Level 1  
  99  6:44  Zerg Melee Weapons Level 1  
  99  6:45  Queen  
  105  6:50  Zergling x12  
  105  6:51  Baneling x6  
  105  6:52  Zergling x2  
  105  6:53  Hatchery  
  111  7:07  Zergling x20  
  120  7:13  Zergling x8  
  119  7:16  Grooved Spines  
  119  7:18  Hydralisk x3  
  119  7:21  Overlord  
  125  7:26  Hydralisk  
  125  7:27  Hydralisk x2  
  124  7:33  Hydralisk x2  
  124  7:35  Overlord x2  
  128  7:40  Zergling x2  
  128  7:41  Zergling x10  
  128  7:43  Baneling x12  
  131  7:45  Zergling x2  
  131  7:46  Zergling x14  
  131  7:51  Zergling x4  
  141  7:54  Overlord  
  141  8:01  Overlord x2  
  141  8:02  Overseer  
  141  8:03  Pneumatized Carapace  
  133  8:23  Zergling x12  
  133  8:24  Zergling x28  
  150  8:28  Hydralisk x3  
  150  8:32  Extractor, Muscular Augments  
  155  8:35  Infestation Pit  
  146  8:43  Queen  
  146  8:44  Hydralisk x2  
  146  8:45  Hydralisk  
  133  8:50  Zergling x26  
  132  8:58  Queen x3  
  132  8:59  Hydralisk x3, Queen  
  132  9:02  Zergling x16  
  147  9:12  Zergling x18  
  147  9:13  Baneling x7  
  156  9:23  Drone  
  156  9:24  Drone x5  
  162  9:30  Overlord x3  
  162  9:31  Extractor x2  
  158  9:36  Baneling x11  
  157  9:41  Drone  
  157  9:44  Extractor  
  157  9:52  Drone x8  
  161  9:57  Hive, Lurker Den  
  161  9:59  Zergling x20  
  170  10:05  Hatchery  
  165  10:09  Overlord  
  165  10:13  Drone x2  
  168  10:14  Drone  
  168  10:16  Spine Crawler, Baneling x7  
  168  10:17  Zergling x6  
  168  10:23  Zergling x4  
  168  10:24  Zergling x8  
  168  10:28  Zergling x10  
  159  10:47  Zergling x36  
  159  10:49  Zerg Ground Armor Level 2  
  170  10:51  Zerg Missile Weapons Level 1  
  170  10:55  Hydralisk  
  172  10:59  Overlord x3  
  172  11:09  Seismic Spines  
  171  11:16  Hatchery  
  170  11:18  Nydus Network  
  170  11:20  Lurker x9  
  178  11:31  Spore Crawler  
  178  11:32  Hydralisk x5  
  186  11:50  Lurker x4  
  186  11:54  Drone x6  
  183  11:55  Drone x2  
  190  12:03  Lurker x3  
  188  12:11  Nydus Canal  
  188  12:12  Zergling x20  
  182  12:26  Hatchery  
  182  12:27  Zergling x22  
  178  12:36  Lurker x4  
  170  12:38  Zergling x10  
  170  12:40  Adaptive Talons  
  175  12:48  Overseer  
  168  12:55  Zergling x24  
  165  13:03  Overseer x2  
  161  13:07  Hydralisk  
  161  13:08  Hydralisk x4  
  145  13:17  Hydralisk  
  145  13:18  Hydralisk x4  
  132  13:29  Nydus Canal  
  132  13:31  Hydralisk  
  132  13:32  Hydralisk x6  
  136  13:42  Hydralisk x5  
  144  13:48  Zergling x2  
  133  13:57  Hydralisk x4  
  133  13:59  Lurker x2  
  133  14:00  Lurker x2  
  133  14:11  Lurker x2  
  133  14:15  Zergling x26  
  145  14:28  Zergling x12  
  141  14:40  Zergling x28  
  141  14:42  Nydus Canal  
  136  14:48  Hydralisk x2  
  132  14:56  Zergling x10  
  133  15:07  Lurker x2  
  132  15:15  Zergling x22  
  143  15:28  Hydralisk x4  
  125  15:44  Overseer  
  125  15:49  Zergling x12  
  133  15:50  Zergling x14  
  134  16:03  Zergling x22  
  131  16:11  Zergling x12  
  131  16:12  Zergling x2  
  136  16:24  Viper x2  
  136  16:25  Viper  
  139  16:26  Lurker  
  139  16:27  Lurker x4  
  139  16:28  Hydralisk  
  149  16:42  Hydralisk x2  
  149  16:46  Hatchery  
  149  16:54  Baneling  
  149  16:58  Overseer x2  
  143  17:09  Zergling x36  
  132  17:16  Hydralisk x2  
  132  17:22  Zergling x12  
Tags
 
Add a new tag
Caveats
  • Supply blocks, unpowered buildings, or Contaminate may cause inaccurate times.
  • Supply counts are checked every 10 seconds.